 BcadrenCrawl: Boulder Brew version 0.03.3.1-34-gd247f1d118 (webtiles) character file.

Game seed: 9151848002014566252, levelgen mode: deterministic

36 Chiseanne the Ducker (level 3, -2/25 HPs) Goblin Demonspawn. Began on Mar 19, 2021. Slain by a water moccasin (10 damage) ... on level 2 of the Dungeon. The game lasted 00:01:21 (663 turns).

Chiseanne the Ducker (Goblin Demonspawn)             Turns: 663, Time: 00:01:22

Health: -2/25      AC:  5    Str:  8    XL:     3 ^: 17
Magic:  4/4        EV: 13    Int:  6    God:
Gold:   77         SH:  0    Dex:  6    Spells: 3/4 levels left

rFire    . . .     Vision   .   a - +0 rapier
rCold    . . .     Gourm    .   g - +0 dagger
rNeg     . . .     Faith    .   e - +0 ring mail
rPois    .         Spirit   .   (helmet restricted)
rElec    .         Reflect  .   (no cloak)
rCorr    .         Harm     .   (no gloves)
MR       .....                  (no boots)
Stlth    +.........             (no amulet)
HPRegen  0.18/turn              (no ring)
MPRegen  0.14/turn              (no ring)

@: lethally poisoned (-2 -> -15)
A: small, stagnant stats, goblin's greed, horns 2, low mp 1, mutation resistance
1, god's pity 2
a: no special abilities


You were on level 2 of the Dungeon.
You were not hungry.

You visited 1 branch of the dungeon, and saw 2 of its levels.

You collected 65 gold pieces.

Inventory:

Weapons
 a - a +0 rapier (weapon)
 g - a +0 dagger (weapon)
 w - a +0 hunting sling
Armour
 e - a +0 ring mail (worn)
Jewellery
 h - an uncursed amulet of guardian spirit
Scrolls
 c - a scroll of holy word
Potions
 b - 2 potions of heal wounds
Comestibles
 d - 2 rations


   Skills:
 * Level 2.5 Fighting
 - Level 2.6 Short Blades
 * Level 1.6 Armour
 * Level 4.6 Dodging
 - Level 2.6 Stealth
 - Level 1.3 Spellcasting
 - Level 2.6 Fire Magic
   Level 4.0 Invocations


You had 3 spell levels left.
You knew the following spells:

 Your Spells              Type           Power        Failure   Level  Hunger
a - Flame Tongue          Fire           3 (30)       26%         1    ##.....

Your spell library contained the following spells:

 Spells                   Type           Power        Failure   Level  Hunger
 Conjure Flame            Fire           3 (100)      58%         3    ####...
 Blink                    Tloc           N/A          75%         2    ###....
 Call Imp                 Summ           0 (100)      75%         2    ###....
 Slow                     Hex            0 (100)      75%         2    ###....
 Mephitic Cloud           Pois/Air       0 (100)      92%         3    ####...


Dungeon Overview and Level Annotations

Branches:
Dungeon (2/8)

Altars:


Innate Abilities, Weirdness & Mutations

Your stats never grow through leveling.
Your goblin ancestry allows you to find more gold. (+20%)
You are small and have problems with some larger weapons.
You have a pair of horns on your head.
Your magical capacity is low. (-10% MP)
You are somewhat resistant to further mutation.
The pity of the gods increases the power of your passive and invoked divine abilities.


Message History

The giant cockroach bites something but does no damage.
The water moccasin closely misses you (0).
The ooze splashes around in the water.
You closely miss the water moccasin. The water moccasin blocks your attack.
You feel sick. (1)
The water moccasin barely misses you (0).
The giant cockroach splashes around in the water.
The ooze splashes around in the water.
The water moccasin bites you (7)!
You are lethally poisoned!
The water moccasin poisons you (13)!
You hit the water moccasin (3). You closely miss the water moccasin.
You feel sick. (2)
The giant cockroach splashes around in the water.
The water moccasin barely misses you (0).
The ooze hits something (2).
The giant cockroach splashes around in the water.
You barely miss the water moccasin. You closely miss the water moccasin.
You feel sick. (2)
The water moccasin bites you (10)!
You die...

≈≈.≈≈s #
≈≈≈≈≈ # #≈
≈≈≈S##≈
.≈≈ P≈P#.#
#≈≈≈P≈≈..#
≈≈≈P≈#.#
≈≈PPP≈#≈#
≈≈P≈JsS≈##
P≈PPP#@≈#
P≈
PPP##.##
P≈PP≈###≈#
≈≈P≈≈≈≈#≈#
#≈<## ####


You could see a water moccasin, a submerged ooze and a giant cockroach.

Vanquished Creatures
  2 cinder newts (D:1)
  2 dart slugs (D:1)
  A leopard gecko (D:1)
  2 hobgoblins (D:1)
  3 bats (D:1)
  3 goblins (D:1)
  2 kobolds (D:1)
  6 rats (D:1)
21 creatures vanquished.

Vanquished Creatures (others)
  4 withered plants (D:2)
4 creatures vanquished.

Grand Total: 25 creatures vanquished

Notes
Turn   | Place    | Note
-------+----------+-------------------------------------------
     0 | D:1      | Chiseanne the Goblin Demonspawn began the quest for the
                  | Orb.
     0 | D:1      | Reached XP level 1. HP: 13/13 MP: 2/2
    38 | D:1      | Gained mutation: You have a pair of small horns on your
                  | head. [demonic ancestry]
    38 | D:1      | Reached XP level 2. HP: 13/19 MP: 3/3
   261 | D:1      | Reached skill level 1 in Armour
   261 | D:1      | Gained mutation: You have a pair of horns on your head.
                  | [demonic ancestry]
   261 | D:1      | Reached XP level 3. HP: 24/24 MP: 4/4
   650 | D:2      | Noticed a water moccasin
   663 | D:2      | Slain by a water moccasin

Levels and vault maps discovered:
D:1:      dpeg_arrival_chambers_temple_mockup, layout_rooms, first_ration
D:2:      layout_sewer, serial_glass, glass_columns_b, glass_columns_b,
          glass_columns_c, glass_columns_b, glass_columns_b

Skill      XL: |  1  2 |
---------------+-------+-----
Fighting       | 2 |  2.5
Armour         | 1 |  1.6
Short Blades   | |  2.6
Dodging        | |  4.6
Stealth        | |  2.6
Spellcasting   | |  1.3
Fire Magic     | |  2.6
Invocations    | |  4.0

Action                   || total
-------------------------++-------
Melee: Rapier            ||    70
       Unarmed           ||    35
       Headbutt          ||     3
       Dagger            ||    15
Armor: Leather armour    ||     3
       Ring mail         ||    10
Dodge: Dodged            ||    59
